 Dungeon Crawl Stone Soup version 0.29-a0-283-ga02f740833 (webtiles) character file.

Game seed: 12876396788263052454

178 Anunax the Charlatan (level 5, -3/34 HPs)
             Began as an Octopode Wanderer on Mar 13, 2022.
             Splashed by a jelly's acid (9 damage)
             ... on level 3 of the Dungeon.
             The game lasted 00:09:14 (3506 turns).

Anunax the Charlatan (Octopode Wanderer)            Turns: 3506, Time: 00:09:16

Health: -3/34      AC: -3    Str:  9    XL:     5   Next: 58%
Magic:  5/5        EV: 13    Int: 13    God:
Gold:   104        SH:  5    Dex: 17    Spells: 4/4 levels left

rFire   . . .      SeeInvis .   u - +6 dagger
rCold   . . .      Faith    .   k - orb {*channel}
rNeg    + . .      Spirit   .   c - +0 hat
rPois   .          Reflect  +   l - amulet of reflection
rElec   .          Harm     .   v - ring of positive energy
rCorr   .          Rampage  .   (no ring)
Will    .....                   (no ring)
Stlth   ++++......              (no ring)
HPRegen 0.11/turn               (no ring)
MPRegen 0.09/turn               (no ring)
                                (no ring)
                                (no ring)

@: corroded
A: almost no armour, amphibious, 8 rings, camouflage 1, gelatinous body 1,
(nimble swimmer 1), tentacles
a: no special abilities


You were on level 3 of the Dungeon.
You visited 1 branch of the dungeon, and saw 3 of its levels.

You collected 104 gold pieces.

Inventory:

Hand Weapons
 a - a +0 quarterstaff
 j - a +0 flail of holy wrath
 u - a +6 dagger (weapon)
Armour
 c - a +0 hat (worn)
 k - an orb of energy (worn)
 o - a +1 robe of willpower
Jewellery
 l - an amulet of reflection (around mantle)
 v - a ring of positive energy (left tentacle)
Scrolls
 h - a scroll of immolation {unknown}
 i - a scroll of amnesia {unknown}
 n - a scroll of vulnerability {unknown}
 p - a scroll of fear {unknown}
 q - a scroll of identify {unknown}
 s - 2 scrolls of magic mapping {unknown}
Potions
 d - 3 potions of brilliance
 e - 2 potions of heal wounds {unknown}
 f - 2 potions of might {unknown}
 g - a potion of cancellation {unknown}
 m - 3 potions of attraction {unknown}
 r - a potion of invisibility {unknown}
 t - 2 potions of degeneration {unknown}
 w - a potion of resistance {unknown}
Miscellaneous
 b - a phantom mirror (quivered)


   Skills:
 + Level 2.3 Fighting
 + Level 0.1 Short Blades
 + Level 1.6(2.1) Maces & Flails
 + Level 1.9(2.2) Staves
 + Level 2.1 Dodging
 + Level 4.6 Stealth
 + Level 6.1 Evocations


You had 4 spell levels left.
You didn't know any spells.
Your spell library contained the following spells:

 Spells                   Type           Power      Damage    Failure   Level
 Corpse Rot               Necr/Air       0%         N/A       43%         2
 Poisonous Vapours        Pois/Air       0%         N/A       43%         2


Dungeon Overview and Level Annotations

Branches:
Dungeon (3/15)

Altars:
Ashenzari

Shops:
D:2 [   D:3 =


Innate Abilities, Weirdness & Mutations

You cannot wear most types of armour.
You are amphibious.
You can wear up to eight rings at the same time.
Your skin changes colour to match your surroundings (Stealth+).
Your rubbery body absorbs attacks. (AC +1, EV +1)
((You are camouflaged when in or above water. (Stealth+)))
You have tentacles for arms and can constrict up to eight enemies at once.


Message History

There is an open door here.
The kobold attacks as you move away! The kobold barely misses you.
The adder attacks as you move away! You block the adder's attack.
You barely miss the adder. You grab the adder.
The adder is lightly wounded.
You constrict the adder. The adder closely misses you.
You hit the adder. You squeeze the adder.
The adder is severely wounded.
You constrict the adder. The adder bites you. You block the adder's attack.
You puncture the adder!
You kill the adder!
Your phantom mirror has recharged.
You hit the ball python.
You kill the ball python!
The orc wizard casts a spell.
The orc wizard flickers and vanishes!
Deactivating autopickup; reactivate with Ctrl-A.
You barely miss the kobold. You grab the kobold.
Your squeeze misses the kobold.
You constrict the kobold, but do no damage.
The kobold hits you with a +0 dagger.
You puncture the kobold!
You kill the kobold!
You hit the jelly.
Your tentacles burn!
The jelly is moderately wounded.
You block the jelly's attack.
You hit the jelly.
Your tentacles burn!
The jelly is heavily wounded.
The jelly barely misses you.
You hit the jelly. The acid corrodes you!
Your tentacles burn!
The jelly is heavily wounded.
The jelly hits you.
You are splashed with acid!
* * * LOW HITPOINT WARNING * * *
You hit the jelly.
Your tentacles burn!
* * * LOW HITPOINT WARNING * * *
The jelly is severely wounded.
The jelly hits you.
* * * LOW HITPOINT WARNING * * *
You are splashed with acid!
You die...

.............##
....###.......##
....# #...#'#..#
....# #..##.##.##
....# #..#...#..#
....# #.#######.#
#######.#....)#†##
#..'†....#..#
#.#########@#
#.#?......#J# ##
#.#$...:J.'.## .#
#.#[......#..# .#
#.#########..#
#..+ #...# ##.#
#.#.# .# #.##
##...# .######..#
#...##


You could see a jelly.

Vanquished Creatures
  A scorpion (D:3)
  5 adders
  A worm (D:2)
  A dart slug (D:1)
  An orc (D:3)
  6 ball pythons
  5 endoplasms
  2 giant cockroaches (D:1)
  9 goblins
  7 hobgoblins
  5 jackals (D:3)
  4 kobolds
  6 quokkas
  6 bats
  4 frilled lizards
  4 rats
67 creatures vanquished.

Notes
Turn   | Place    | Note
-------+----------+-------------------------------------------
     0 | D:1      | Anunax the Octopode Wanderer began the quest for the Orb.
     0 | D:1      | Anunax set off with the following items: a +0 quarterstaff,
                  | a phantom mirror, a +0 hat, a potion of brilliance
     0 | D:1      | Reached XP level 1. HP: 14/14 MP: 1/1
   183 | D:1      | Reached XP level 2. HP: 19/19 MP: 2/2
   813 | D:1      | Reached skill level 6 in Evocations
   904 | D:1      | Reached XP level 3. HP: 21/24 MP: 3/3
  1014 | D:1      | Found a faded altar of an unknown god.
  1016 | D:1      | Reached skill level 1 in Stealth
  1561 | D:2      | Found Tosm's Antique Armour Shop.
  1856 | D:2      | Reached XP level 4. HP: 9/29 MP: 4/4
  2677 | D:3      | Noticed a scorpion
  2699 | D:3      | Reached skill level 1 in Maces & Flails
  2768 | D:3      | Found Taitewyec's Jewellery Shoppe.
  2785 | D:3      | Found a broken altar of Ashenzari.
  3293 | D:3      | Killed a scorpion
  3294 | D:3      | Reached XP level 5. HP: 28/34 MP: 5/5
  3506 | D:3      | Splashed by a jelly's acid

Illustrated notes

Levels and vault maps discovered:
D:1:      dpeg_arrival_morbid_curiosity, layout_basic,
          shapermc_ecumenical_altar_starsandcircs
D:2:      layout_basic, serial_shops, nicolae_shop_trees, minmay_split_cup_small
D:3:      layout_basic, ashenzari_conservatory_becter, serial_shops,
          nicolae_shop_waterfront, serial_curves, eino_curves_03,
          eino_curves_03, eino_curves_01, eino_curves_02, minmay_misc_feat_tiny,
          minmay_divided_ellipse

Skill      XL: |  1  2  3  4 |
---------------+-------------+-----
Evocations     | 6 |  6.1
Stealth        | 2 4 |  4.6
Maces & Flails | 1 |  1.6
Fighting       | |  2.3
Short Blades   | |  0.1
Staves         | |  1.9
Dodging        | |  2.1

Action                   |  1- 3 |  4- 6 || total
-------------------------+-------+-------++-------
Melee: Quarterstaff      |    35 |       ||    35
       Constrict         |    24 |    13 ||    37
       Tentacles         |    15 |     7 ||    22
       Punch             |     1 |       ||     1
       Flail             |    34 |    27 ||    61
       Dagger            |       |    29 ||    29
Evoke: Phantom mirror    |       |     1 ||     1
 Stab: Sleeping          |    12 |    10 ||    22
Armor: Skin              |     9 |     1 ||    10
Dodge: Dodged            |    53 |    35 ||    88
Block: Orb               |       |     9 ||     9

Table legend: (Time is in decaauts)
 A = Elapsed time spent in this place.
 B = Non-inter-level travel time spent in this place.
 C = Inter-level travel time spent in this place.
 D = Time resting spent in this place.
 E = Time spent auto-exploring this place.
 F = Levels seen in this place.
 G = Mean time per level.
                   A        B        C        D        E       F      G
               +--------+--------+--------+--------+--------+-----+--------+
         Total |   3533 |   3432 |    101 |   1076 |   1805 |   3 | 1177.7 |
       Dungeon |   3533 |   3432 |    101 |   1076 |   1805 |   3 | 1177.7 |
               +--------+--------+--------+--------+--------+-----+--------+

Top non-repeatable levels by time:
     D:1: 1351 daAuts
     D:2: 1314 daAuts
     D:3: 868 daAuts
